 Dungeon Crawl Stone Soup version 0.25-a0-73-g9796ba8d15 (webtiles) character file.

Game seed: 11982456616091104406, levelgen mode: deterministic

298 Roikka the Magician (level 6, 0/41 HPs)
             Began as a Merfolk Wizard on Nov 6, 2019.
             Was a Follower of Sif Muna.
             Slain by a hound (2 damage)
             ... on level 5 of the Dungeon.
             The game lasted 00:17:03 (5356 turns).

Roikka the Magician (Merfolk Wizard)                Turns: 5356, Time: 00:17:04

Health: 0/41       AC:  4    Str:  8    XL:     6   Next: 36%
Magic:  6/12       EV: 13    Int: 19    God:    Sif Muna [*.....]
Gold:   266        SH:  0    Dex: 12    Spells: 2/13 levels left

rFire    . . .     SeeInvis .   p - +0 dagger (speed)
rCold    . . .     Gourm    .   (no shield)
rNeg     . . .     Faith    .   a - +0 robe
rPois    +         Spirit   .   b - +0 hat
rElec    .         Reflect  .   (no cloak)
rCorr    .         Harm     .   g - +0 pair of gloves
MR       .....                  s - +0 pair of boots
Stlth    ++........             (no amulet)
HPRegen  0.13/turn              n - ring of poison resistance
MPRegen  0.13/turn              (no ring)

@: no status effects
A: change form in water, swift swim, stealthy swim
a: Channel Magic, Renounce Religion


You were on level 5 of the Dungeon.
You worshipped Sif Muna.
Sif Muna was aware of your devotion.
You were hungry.

You visited 1 branch of the dungeon, and saw 5 of its levels.

You collected 266 gold pieces.

Inventory:

Hand Weapons
 p - a +0 dagger of speed (weapon)
Armour
 a - a +0 robe (worn)
 b - a +0 hat (worn)
 g - a +0 pair of gloves (worn)
 s - a +0 pair of boots (worn)
Jewellery
 n - a ring of poison resistance (left hand)
Scrolls
 e - 2 scrolls of amnesia
 h - a scroll of magic mapping
 k - 6 scrolls of remove curse
 o - 3 scrolls of identify
 r - 2 scrolls of fear
 t - a scroll of enchant armour {unknown}
 u - 2 scrolls of teleportation {unknown}
Potions
 c - a potion of ambrosia {unknown}
 f - 2 potions of haste {unknown}
 i - 4 potions of lignification {unknown}
 j - a potion of cancellation {unknown}
 l - 2 potions of curing {unknown}
 m - a potion of heal wounds {unknown}
 q - a potion of might {unknown}
 v - a potion of brilliance {unknown}
Comestibles
 d - 14 rations


   Skills:
 - Level 3.0 Dodging
 - Level 2.1 Stealth
 + Level 4.1 Spellcasting
 * Level 3.7 Conjurations
 + Level 2.6 Summonings
 - Level 0.7 Translocations


You had 2 spell levels left.
You knew the following spells:

 Your Spells              Type           Power        Failure   Level  Hunger
a - Magic Dart            Conj           ###.         3%          1    None
b - Call Imp              Summ           ##......     7%          2    ##.....
c - Blink                 Tloc           N/A          16%         2    ##.....
d - Conjure Flame         Conj/Fire      ##......     19%         3    ###....
e - Mephitic Cloud        Conj/Pois/Air  #.......     24%         3    ###....

Your spell library contained the following spells:

 Spells                   Type           Power        Failure   Level  Hunger
 Slow                     Hex            #.......     21%         2    ##.....


Dungeon Overview and Level Annotations

Branches:
Dungeon (5/15)             Temple (0/1) D:5

Altars:
Gozag
Sif Muna
Vehumet


Message History

Confirm with . or Enter, or press ? or * to list all spells.
A beastly little devil appears in a puff of frigid air.
The hound bites you but does no damage. The hound barely misses you.
The hound completely misses you.
Your white imp hits the ogre.
Your white imp freezes the ogre.
The ogre dies!
Sif Muna accepts your kill. The hound misses you. The hound bites you.
* * * LOW HITPOINT WARNING * * *
There is a staircase to the Ecumenical Temple here.
Casting: Call Imp (safe; 7% risk of failure)
Confirm with . or Enter, or press ? or * to list all spells.
Aiming: Magic Dart (safe; 3% risk of failure)
Press: ? - help, Shift-Dir - straight line, f - hound
Aim: a hound The magic dart hits the hound.
The hound is lightly wounded.
The hound bites you.
You die...

# .......
..........##...#.#
..........##.#.#.#
#......#...$...#.#
.......###.#...#
......#.......##########
#####....#.........).......
#........#.P.P...##)#.#..#
#.#....<.#..@..5....#
#....#####.PhP.#..###.#
#....#####............#
#...........#.###..####
#.........###.# ......
#.........# #.# .#..###
##...###### #.##. #.# #...#
..... .. ##### ...^. ..#


You could see a hound and a friendly white imp.

Vanquished Creatures
  An orc priest (D:3)
  2 adders
  4 dart slugs
  A leopard gecko (D:2)
  3 orcs
  6 giant cockroaches
  4 goblins
  10 hobgoblins
  A jackal (D:1)
  2 ball pythons
  10 bats
  5 frilled lizards
  7 kobolds
  A leopard gecko zombie (D:5)
  12 rats
69 creatures vanquished.

Vanquished Creatures (collateral kills)
  2 ogres
  A howler monkey (D:4)
  A worker ant (D:4)
  3 adders (D:2)
  An ooze (D:3)
  2 leopard geckos
  3 orcs
  2 goblins
  A rat (D:2)
16 creatures vanquished.

Grand Total: 85 creatures vanquished

Notes
Turn   | Place    | Note
-------+----------+-------------------------------------------
     0 | D:1      | Roikka the Merfolk Wizard began the quest for the Orb.
     0 | D:1      | Reached XP level 1. HP: 13/13 MP: 4/4
   415 | D:1      | Reached skill level 1 in Conjurations
   619 | D:1      | Reached XP level 2. HP: 8/19 MP: 0/6
  1674 | D:1      | Reached XP level 3. HP: 24/24 MP: 2/7
  1749 | D:1      | Learned a level 2 spell: Call Imp
  2477 | D:2      | Found a shimmering blue altar of Sif Muna.
  2482 | D:2      | Became a worshipper of Sif Muna the Loreminder
  2722 | D:2      | Reached XP level 4. HP: 26/30 MP: 1/9
  3183 | D:2      | You fall into a shaft and drop 1 floor!
  3630 | D:3      | Reached XP level 5. HP: 35/35 MP: 0/10
  3874 | D:3      | Learned a level 2 spell: Blink
  3878 | D:3      | Learned a level 3 spell: Conjure Flame
  3882 | D:3      | Learned a level 3 spell: Mephitic Cloud
  3928 | D:3      | Reached * piety under Sif Muna
  4016 | D:3      | Found a radiant altar of Vehumet.
  4732 | D:4      | Noticed an ogre
  4747 | D:4      | Killed an ogre
  4747 | D:4      | Reached skill level 4 in Spellcasting
  4747 | D:4      | Reached XP level 6. HP: 24/41 MP: 5/12
  5016 | D:4      | Found an opulent altar of Gozag.
  5291 | D:5      | Entered Level 5 of the Dungeon
  5304 | D:5      | Found a staircase to the Ecumenical Temple.
  5353 | D:5      | HP: 1/41 [hound (3)]
  5356 | D:5      | Slain by a hound

Levels and vault maps discovered:
D:1:      scummos_arrival_simple_crosswalls, layout_loops_ring,
          serial_co_window_serial, co_window_of_opportunity_a,
          co_window_paths_a, co_window_of_opportunity_a, co_window_paths_a,
          co_window_paths_a, co_window_cross_2, co_window_of_opportunity_b,
          co_window_paths_c, co_window_of_opportunity_b,
          co_window_unsneaky_path_d, co_window_unsneaky_path_d,
          co_window_of_opportunity_b, glass_columns_a, glass_columns_a,
          glass_columns_a
D:2:      layout_loops_cross, marbit_many_paths, first_ration, minivault_26,
          ebering_dispersal_statue_hall, minmay_increasing_density
D:3:      layout_loops_cross, fiery_altar_vehumet, kennysheep_generic_room_5
D:4:      layout_loops_cross, nicolae_gozag_cash_rules_everything_around_me
D:5:      layout_basic, minmay_temple_entry_trees, uniq_sigmund, uniq_eustachio,
          uniq_blork_the_orc, uniq_crazy_yiuf_cottage, uniq_menkaure

Skill      XL: |  1  2  3  4  5 |
---------------+----------------+-----
Conjurations   | 1 2 3 |  3.7
Dodging        | 3 |  3.0
Summonings     | 2 |  2.6
Spellcasting   | 4 |  4.1
Stealth        | |  2.1
Translocations | |  0.7

Action                   |  1- 3 |  4- 6 || total
-------------------------+-------+-------++-------
Melee: Club              |    16 |       ||    16
       Unarmed           |     8 |       ||     8
       Dagger            |       |    53 ||    53
 Cast: Magic Dart        |   109 |    75 ||   184
       Call Imp          |     2 |    21 ||    23
  Use: Scroll            |     5 |     1 ||     6
 Stab: Sleeping          |       |     2 ||     2
  Eat: Chunk             |     5 |     5 ||    10
       Ration            |       |     1 ||     1
Armor: Robe              |    18 |    26 ||    44
Dodge: Dodged            |    26 |    63 ||    89

Table legend:
 A = Non-vault XP
 B = Vault XP
 C = Vault XP percentage of total XP
 D = Non-vault monster count
 E = Vault monster count
 F = Vault count percentage of total count
                 A         B        C        D         E       F
            +---------+---------+-------+---------+---------+-------
      Total |     399 |      28 |   6.6 |      76 |       9 |  10.6
            +---------+---------+-------+---------+---------+-------
        D:1 |      35 |       0 |   0.0 |      21 |       0 |   0.0
        D:2 |      68 |      20 |  22.7 |      30 |       7 |  18.9
        D:3 |      84 |       8 |   8.7 |      18 |       2 |  10.0
        D:4 |     138 |       0 |   0.0 |       5 |       0 |   0.0
        D:5 |      74 |       0 |   0.0 |       2 |       0 |   0.0
            +---------+---------+-------+---------+---------+-------
